 Dungeon Crawl Stone Soup version 0.31-a0-963-ga325b2283a (webtiles) character file.

Game seed: 8584357880753040251

345 IdlyInterested the Cutter (level 6, -6/48 HPs)
             Began as a Demonspawn Gladiator on Oct 24, 2023.
             Mangled by Crazy Yiuf
             ... wielding a +4 quarterstaff of chaos
              (8 damage)
             ... on level 3 of the Dungeon.
             The game lasted 00:10:46 (2744 turns).

IdlyInterested the Cutter (Demonspawn Gladiator)    Turns: 2744, Time: 00:10:47

Health: -6/48      AC:  6    Str: 15    XL:     6   Next: 32%
Magic:  9/9        EV: 13    Int:  9    God:
Gold:   187        SH:  0    Dex: 22    Spells: 9/9 levels left

rFire   . . .        a - +0 rapier (heavy)
rCold   . . .        (no shield)
rNeg    . . .        b - +1 leather armour
rPois   .            c - +0 helmet
rElec   .            (no cloak)
rCorr   .            (no gloves)
SInv    .            h - +0 pair of boots
Will    .....        (no amulet)
Stlth   ++           f - +6 ring of dexterity
HPRegen 0.28/turn    (no ring)
MPRegen 0.11/turn

%: no passive effects
@: lethally poisoned (-6 -> -8), hasted, very quick
A: powered by pain 1, demonic magic 2
a: no special abilities


You were on level 3 of the Dungeon.
You visited 1 branch of the dungeon, and saw 3 of its levels.

You collected 187 gold pieces.

Inventory:

Hand Weapons
 a - a +0 heavy rapier (weapon)
 o - a +0 rapier
Missiles
 e - a javelin
 i - 14 boomerangs
 j - 23 stones (quivered)
 u - 7 poisoned darts
Armour
 b - a +1 leather armour (worn)
 c - a +0 helmet (worn)
 g - a +0 ring mail
 h - a +0 pair of boots (worn)
 p - a +0 scale mail
Jewellery
 f - a +6 ring of dexterity (left hand)
Talismans
 k - a beast talisman
Scrolls
 n - a scroll of blinking
 r - a scroll of revelation
 s - a scroll of fog {unknown}
Potions
 l - a potion of cancellation
 m - a potion of resistance
 q - a potion of heal wounds {unknown}
 t - a potion of enlightenment {unknown}
 v - a potion of lignification {unknown}


   Skills:
 - Level 4.0 Fighting
 * Level 4.2 Short Blades
 - Level 2.0 Throwing
 - Level 1.0 Armour
 + Level 2.9 Dodging
 * Level 1.7 Stealth
 - Level 2.0 Spellcasting
 - Level 1.0 Evocations


You had 9 spell levels left.
You didn't know any spells.
Your spell library contained the following spells:

 Spells                   Type           Power      Damage    Failure   Level
 Dazzling Flash           Conj/Hex       0%         N/A       77%         3
 Volatile Blastmotes      Fire/Tloc      0%         2d10      77%         3
 Starburst                Conj/Fire      0%         6d3       100%        6
 Maxwell's Capacitive Co  Air            0%         ∞         100%        8


Dungeon Overview and Level Annotations

Branches:
Dungeon (3/15)

Altars:
Ashenzari
Cheibriados
Kikubaaqudgha
Ru
Uskayaw
Vehumet
Wu Jian

Annotations:
D:3 Crazy Yiuf


Innate Abilities, Weirdness & Mutations

You sometimes gain a little power by taking damage.
Spells you cast may paralyse nearby enemies.


Message History

You throw a throwing net.
The throwing net barely misses Crazy Yiuf.
You feel sick.
Crazy Yiuf hits you with a +4 quarterstaff of chaos!
You are slowing down.
Throw: throwing net
Press: ? - help, Shift-Dir - straight line, f/p - Crazy Yiuf
Aim: Crazy Yiuf, wielding a +4 quarterstaff of chaos and wearing a +1 cloak of poison resistance (68% to hit)
You throw a throwing net. The throwing net hits Crazy Yiuf.
Crazy Yiuf is caught in the net!
You feel sick.
Crazy Yiuf struggles against the net.
Your limbs are stiffening.
You hit Crazy Yiuf but do no damage.
You feel sick.
Crazy Yiuf struggles against the net. x3; You have turned to stone.
Crazy Yiuf struggles against the net.
Crazy Yiuf laughs, "Cholesterol disdain rumpyflump!"
Crazy Yiuf struggles against the net.
The net rips apart, and Crazy Yiuf comes free!
Crazy Yiuf hits you with a +4 quarterstaff of chaos.
Crazy Yiuf freezes you.
Crazy Yiuf hits you with a +4 quarterstaff of chaos!
Crazy Yiuf laughs, "Island song snockshim!"
Crazy Yiuf hits you with a +4 quarterstaff of chaos.
Crazy Yiuf freezes you.
Crazy Yiuf hits you with a +4 quarterstaff of chaos!
Crazy Yiuf hits you with a +4 quarterstaff of chaos.
You feel yourself speed up.
Crazy Yiuf hits you with a +4 quarterstaff of chaos.
You are electrocuted!!
* * * LOW HITPOINT WARNING * * *
Crazy Yiuf hits you with a +4 quarterstaff of chaos!
* * * LOW HITPOINT WARNING * * *
Space warps around you.
* * * LOW HITPOINT WARNING * * *
You turn to flesh and can move again.
Okay, then.
You hit Crazy Yiuf but do no damage.
* * * LOW HITPOINT WARNING * * *
You feel sick.
Crazy Yiuf hits you with a +4 quarterstaff of chaos!
You die...

######## ##..P.#.###**###
##...P..#..##.).#
#....P.####@g.)(# #.....##
###).)# #..#### **### ##.#
###### #.# #####..... #.#
####### #.........
#.######.....#####.##......
#..........................
#####.>.................)..


You could see Crazy Yiuf.

Vanquished Creatures
  Grinder (D:3)
  A hound (D:3)
  Terence (D:3)
  3 adders (D:2)
  5 worms
  A dart slug (D:1)
  An orc (D:2)
  5 ball pythons
  5 endoplasms
  7 goblins
  7 hobgoblins
  4 jackals (D:2)
  8 bats
  4 frilled lizards
  6 kobolds
  7 rats
66 creatures vanquished.

Notes
Turn   | Place    | Note
-------+----------+-------------------------------------------
     0 | D:1      | IdlyInterested the Demonspawn Gladiator began the quest for
                  | the Orb.
     0 | D:1      | Reached XP level 1. HP: 16/16 MP: 1/1
    78 | D:1      | Gained mutation: You sometimes gain a little power by
                  | taking damage. [demonic ancestry]
    78 | D:1      | Reached XP level 2. HP: 19/22 MP: 2/2
   223 | D:1      | Reached skill level 1 in Armour
   719 | D:2      | Reached XP level 3. HP: 10/28 MP: 3/3
  1066 | D:2      | Reached skill level 1 in Evocations
  1475 | D:2      | Gained mutation: Spells you cast may paralyse adjacent
                  | enemies. [demonic ancestry]
  1475 | D:2      | Reached XP level 4. HP: 34/35 MP: 4/4
  1534 | D:2      | Reached skill level 1 in Stealth
  1649 | D:3      | Noticed Terence
  1667 | D:3      | Killed Terence
  1808 | D:3      | Reached skill level 1 in Spellcasting
  2155 | D:3      | Found a sacrificial altar of Ru.
  2157 | D:3      | Found an ancient bone altar of Kikubaaqudgha.
  2157 | D:3      | Found a hide-covered altar of Uskayaw.
  2158 | D:3      | Found a broken altar of Ashenzari.
  2159 | D:3      | Found an ornate altar of the Wu Jian Council.
  2159 | D:3      | Found a radiant altar of Vehumet.
  2159 | D:3      | Found a snail-covered altar of Cheibriados.
  2159 | D:3      | Noticed Grinder
  2180 | D:3      | Reached XP level 5. HP: 41/41 MP: 5/7
  2192 | D:3      | Paralysed by Grinder for 5 turns
  2208 | D:3      | Killed Grinder
  2209 | D:3      | Gained mutation: Spells you cast may paralyse nearby
                  | enemies. [demonic ancestry]
  2209 | D:3      | Reached XP level 6. HP: 6/48 MP: 7/9
  2725 | D:3      | Found a runed translucent door.
  2726 | D:3      | Noticed Crazy Yiuf
  2743 | D:3      | HP: 2/48 [Crazy Yiuf/+4 quarterstaff of chaos (1)]
  2744 | D:3      | Mangled by Crazy Yiuf

Illustrated notes

Levels and vault maps discovered:
D:1:      dpeg_arrival_line_fractal, layout_rooms, supply_closet_lemuel,
          chequers_serial_rivers_large_b, minmay_misc_feat_plants,
          minmay_tetromino_s4
D:2:      layout_loops_ring, minmay_misc_feat_rugged
D:3:      layout_rooms, grunt_temple_overflow_open, small_statue_intersection,
          minmay_crystal_room, grunt_ministairs_14, kennysheep_nondescript,
          uniq_grinder, uniq_terence, uniq_crazy_yiuf_cottage

Skill      XL: |  1  2  3  4  5 |
---------------+----------------+-----
Short Blades   | 3 4 |  4.2
Armour         | 1 |  1.0
Fighting       | 3 4 |  4.0
Evocations     | 1 |  1.0
Stealth        | 1 |  1.7
Spellcasting   | 1 2 |  2.0
Throwing       | 2 |  2.0
Dodging        | |  2.9

Action                     |  1- 3 |  4- 6 || total
---------------------------+-------+-------++-------
  Melee: Rapier            |   157 |   111 ||   268
         Punch             |     1 |     1 ||     2
  Throw: Stone             |     4 |     3 ||     7
         Throwing net      |       |     4 ||     4
         Javelin           |       |     1 ||     1
         Dart              |       |     1 ||     1
    Use: Scroll            |     3 |     7 ||    10
         Potion            |       |     3 ||     3
   Stab: Sleeping          |     1 |     2 ||     3
 Armour: Leather armour    |    84 |    70 ||   154
  Dodge: Dodged            |   105 |    80 ||   185

Table legend: (Time is in decaauts)
 A = Elapsed time spent in this place.
 B = Non-inter-level travel time spent in this place.
 C = Inter-level travel time spent in this place.
 D = Time resting spent in this place.
 E = Time spent auto-exploring this place.
 F = Levels seen in this place.
 G = Mean time per level.
                   A        B        C        D        E       F      G
               +--------+--------+--------+--------+--------+-----+--------+
         Total |   2783 |   2506 |    277 |    503 |   1233 |   3 |  927.7 |
       Dungeon |   2783 |   2506 |    277 |    503 |   1233 |   3 |  927.7 |
               +--------+--------+--------+--------+--------+-----+--------+

Top non-repeatable levels by time:
     D:2: 1031 daAuts
     D:3: 974 daAuts
     D:1: 776 daAuts
